 Dungeon Crawl Stone Soup version 0.13-a0-1590-g33f0eee (webtiles) character file.

519 Kae the Chiller (level 6, 0/45 HPs)
             Began as a Draconian Ice Elementalist on June 13, 2013.
             Slain by Edmund
             ... wielding a +0,+0 dire flail
              (11 damage)
             ... on Level 3 of the Dungeon.
             The game lasted 00:06:23 (3146 turns).

Kae the Chiller (Draconian Ice Elementalist)        Turns: 3146, Time: 00:06:23

HP   0/45        AC  8     Str 11      XL: 6   Next:  3%
MP   6/12        EV 12     Int 17      God:
Gold 244         SH  0     Dex 11      Spells:  2 memorised,  7 levels left

Res.Fire  : . . .   See Invis. : .   q - +0,+1 spear
Res.Cold  : . . .   Warding    : .   (armour unavailable)
Life Prot.: . . .   Conserve   : .   (no shield)
Res.Poison: .       Res.Corr.  : .   (helmet restricted)
Res.Elec. : .       Clarity    : .   (no cloak)
Sust.Abil.: . .     Spirit.Shd : .   (no gloves)
Res.Mut.  : .       Stasis     : .   u - +1 pair of boots
Res.Rott. : .       Flight     : .   (no amulet)
Saprovore : . . .                    (no ring)
                                     n - ring of protection from magic

@: somewhat resistant to hostile enchantments, unstealthy
A: unfitting armour, AC +6
a: no special abilities


You were on level 3 of the Dungeon.
You were hungry.

You visited 1 branch of the dungeon, and saw 4 of its levels.

You collected 224 gold pieces.

Inventory:

Hand weapons
 l - a +2,+1 dagger of freezing (quivered)
 q - a +0,+1 spear (weapon)
Armour
 u - a +1 pair of boots (worn)
Comestibles
 c - 3 bread rations
 f - 2 pears
 h - 3 meat rations
 o - 2 rotting chunks of orc flesh
Scrolls
 a - a scroll of fear {unknown}
 k - a scroll of magic mapping
 m - 4 scrolls of remove curse
Jewellery
 j - an uncursed ring of magical power {unknown}
 n - a ring of protection from magic (left hand)
Potions
 d - 2 potions of speed {unknown}
 g - 2 potions of curing
 i - 2 potions of brilliance {unknown}
Books
 b - a book of Frost

   Spells                             Type                      Level
   *Freeze                            Ice                          1
   *Throw Frost                       Conjuration/Ice              2
   Ozocubu's Armour                   Charms/Ice                   3
   Throw Icicle                       Conjuration/Ice              4
   Summon Ice Beast                   Ice/Summoning                4
   Condensation Shield                Ice                          4
Magical staves
 e - an uncursed staff of air


   Skills:
 - Level 1.7 Dodging
 - Level 1.7 Stealth
 + Level 2.7 Spellcasting
 * Level 3.7 Conjurations
 * Level 4.7 Ice Magic


You had 7 spell levels left.
You knew the following spells:

 Your Spells              Type           Power        Failure   Level  Hunger
a - Freeze                Ice            ###.         2%          1    #......
b - Throw Frost           Conj/Ice       ###...       6%          2    ##.....


Dungeon Overview and Level Annotations

Branches:
Dungeon (4/27)
 Temple: D:4-7

Altars:
Ashenzari
Okawaru

Annotations
D:4 Edmund


Message History

You freeze it. It hits you but does no damage.
Casting: Freeze
Confirm with . or Enter, or press ? or * to list all spells.
Aiming: Freeze
Press: ? - help, Shift-Dir - straight line You freeze it.
It hits you.
Casting: Freeze
Confirm with . or Enter, or press ? or * to list all spells.
Aiming: Freeze
Press: ? - help, Shift-Dir - straight line You freeze it.
Drink which item? (? for menu, Esc to quit)
You feel better. It hits you!
* * * LOW HITPOINT WARNING * * *
Casting: Freeze
Confirm with . or Enter, or press ? or * to list all spells.
Aiming: Freeze
Press: ? - help, Shift-Dir - straight line You freeze it.
It hits you!
You die...

#........# #........# #........#
###############........#########
......<................#.......#
..#####........................#
..# #.############.###.......#
..#####.###########......#.#####
..............(.@##........#
..#####.#####....##......###
............#....##...#.##
..#####.###)#....##...#.# ..#
#.# #.#....##...#.# ..#
#.###(#...<.......# ..#
#.......######..### ####
#...(...# #..# ...# #...(...###
#..#


There were no monsters in sight!

Vanquished Creatures
  A centaur skeleton (D:4)
  An ogre skeleton (D:4)
  A crimson imp (D:3)
  A worker ant (D:4)
  Ijyb (D:2)
  3 adders (D:2)
  A giant mite (D:4)
  2 worms
  2 giant geckos
  An ooze (D:2)
  5 orcs
  5 bats
  5 giant cockroaches
  4 hobgoblins
  3 jackals (D:3)
  10 kobolds
  3 quokkas (D:3)
  2 ball pythons
  3 giant newts
  10 goblins
  A hobgoblin skeleton (D:4)
  7 rats
72 creatures vanquished.

Notes
Turn   | Place    | Note
--------------------------------------------------------------
     0 | D:1      | Kae, the Draconian Ice Elementalist, began the quest for the Orb.
     0 | D:1      | Reached XP level 1. HP: 14/14 MP: 3/3
   267 | D:1      | Reached XP level 2. HP: 17/20 MP: 4/4
   271 | D:1      | Learned a level 2 spell: Throw Frost
   870 | D:2      | Reached XP level 3. HP: 16/26 MP: 1/6
  1230 | D:2      | Noticed Ijyb
  1255 | D:2      | Killed Ijyb
  1311 | D:2      | Reached XP level 4. HP: 16/33 MP: 1/8
  2076 | D:3      | Reached skill level 4 in Ice Magic
  2186 | D:3      | Found an iron altar of Okawaru.
  2499 | D:3      | Reached XP level 5. HP: 36/38 MP: 9/9
  2706 | D:4      | Found a shattered altar of Ashenzari.
  2711 | D:4      | Saw a vision of the Swamp and the Spider Nest.
  2711 | D:4      | Noticed a redback
  2711 | D:4      | Noticed a redback
  2711 | D:4      | Noticed a swamp drake
  2712 | D:4      | Noticed a raven
  2951 | D:4      | Reached XP level 6. HP: 17/45 MP: 12/12
  3119 | D:4      | Noticed Edmund
  3146 | D:3      | Slain by Edmund

Action                   |  1- 3 |  4- 6 || total
-------------------------+-------+-------++-------
Melee: Unarmed           |    29 |       ||    29
       Dagger            |    49 |    27 ||    76
       Spear             |       |    46 ||    46
       Staff             |       |    23 ||    23
 Cast: Freeze            |    31 |    55 ||    86
  Use: Scroll            |       |     8 ||     8
       Potion            |       |     1 ||     1
 Stab: Sleeping          |     1 |     2 ||     3
